 Dungeon Crawl Stone Soup version 0.28-a0-845-gfc338a8e3c (webtiles) character file.

Game seed: 10529548266478486900

827 ytrimaz the Chopper (level 7, -1/56 HPs)
             Began as a Demonspawn Berserker on Nov 12, 2021.
             Was a Priest of Trog.
             Slain by a wraith (3 damage)
             ... on level 5 of the Dungeon.
             The game lasted 00:04:41 (5870 turns).

ytrimaz the Chopper (Demonspawn Berserker)          Turns: 5870, Time: 00:04:43

Health: -1/56      AC:  2    Str: 20    XL:     7   Next: 64%
Magic:  7/7        EV: 13    Int: 12    God:    Trog [***...]
Gold:   246        SH:  0    Dex: 12    Spells: 6/6 levels left

rFire   + . .      SeeInvis .   a - +0 hand axe
rCold   . . .      Faith    .   (no shield)
rNeg    . . .      Spirit   .   b - +0 animal skin
rPois   +          Reflect  .   (no helmet)
rElec   .          Harm     .   (no cloak)
rCorr   .          Rampage  .   (no gloves)
Will    +++..                   (no boots)
Stlth   +.........              (no amulet)
HPRegen 1.18/turn               s - ring of poison resistance
MPRegen 0.10/turn               n - ring of Ulayrel {rF+ Will+ Int+4}

@: strong-willed, regenerating, slowed, very slow
A: ignite blood 1, weakness stinger 2
a: Renounce Religion, Berserk, Trog's Hand


You were on level 5 of the Dungeon.
You worshipped Trog.
Trog was most pleased with you.
You visited 2 branches of the dungeon, and saw 6 of its levels.

You collected 246 gold pieces.

Inventory:

Hand Weapons
 a - a +0 hand axe (weapon)
Armour
 b - a +0 animal skin (worn)
Jewellery
 f - a +4 ring of evasion
 i - a ring of resist corrosion
 n - the ring of Ulayrel (right hand) {rF+ Will+ Int+4}
   (You found it on level 4 of the Dungeon)

   [ring of protection from fire]

   Int:       It affects your intelligence (+4).
   rF:        It protects you from fire.
   Will:      It increases your willpower.
 s - a ring of poison resistance (left hand)
Scrolls
 g - a scroll of magic mapping
 k - a scroll of amnesia {unknown}
 m - a scroll of noise {unknown}
 o - a scroll of vulnerability {unknown}
 p - 3 scrolls of identify
 q - a scroll of enchant armour {unknown}
 r - a scroll of immolation {unknown}
 t - a scroll of teleportation {unknown}
Potions
 c - 3 potions of ambrosia {unknown}
 e - a potion of might {unknown}
 h - 3 potions of curing {unknown}
 j - a potion of degeneration {unknown}
 l - a potion of brilliance {unknown}


   Skills:
 + Level 5.0 Fighting
 + Level 5.4 Axes
 * Level 3.6 Armour
 * Level 4.2 Dodging


You had 6 spell levels left.
You didn't know any spells.
Your spell library was empty.

Dungeon Overview and Level Annotations

Branches:
Dungeon (5/15)             Temple (1/1) D:4

Altars:
Ashenzari
Cheibriados
Dithmenos
Elyvilon
Fedhas
Gozag
Hepliaklqana
Kikubaaqudgha
Makhleb
Nemelex Xobeh
Okawaru
Qazlal
Sif Muna
Trog
Uskayaw
Vehumet
Wu Jian
Xom
Yredelemnul
Zin
The Shining One

Shops:
D:2 =(


Innate Abilities, Weirdness & Mutations

Your demonic aura sometimes causes spilled blood to erupt in flames.
You have a tail ending in a sharp stinger.


Message History

a +0 morningstar; a +0 ring mail
Things that are here:
a +0 club; a +0 chain mail A wraith comes into view.
Search for what [Enter for "armo", or ? for help]? axe Unknown command.
The wraith closely misses you.
You hit the wraith but do no damage. The wraith hits you!
You hit the wraith but do no damage. The wraith hits you!
Your water moccasin zombie closely misses the wraith.
You hit the wraith.
The wraith is lightly damaged.
Your water moccasin zombie dissolves into shadows!
The wraith hits you!
You barely miss the wraith.
Your tail-slap misses the wraith.
Your bullfrog skeleton misses the wraith.
The wraith hits you. The wraith drains your vigour!
You feel yourself slow down.
You completely miss the wraith.
Your tail-slap misses the wraith.
Your bullfrog skeleton hits the wraith!
The wraith hits you. The wraith drains your vigour!
You feel as though you will be slow longer.
Your bullfrog skeleton hits the wraith but does no damage.
The wraith completely misses you.
Unknown command.
You closely miss the wraith.
The wraith is moderately damaged.
Your bullfrog skeleton dissolves into shadows!
The wraith hits you!
* * * LOW HITPOINT WARNING * * *
The wraith drains your vigour!
You feel as though you will be slow longer.
Your skin crawls.
You feel strong-willed. The wraith hits you!
* * * LOW HITPOINT WARNING * * *
The wraith drains your vigour!
You feel as though you will be slow longer.
The wraith hits you.
You die...

....................#...........#
........ .... ....###..........#
....... . .#...#.).###....##
...... .. ##......###.....#.
..>#.. ... #..........#....#.
..##.# ... #..........#...... ..#
#.. .#................
#...##................
#...W@w...............
........................
......?.................
.#####...#..............
#..###.##........... #..
#..###.......). ...# ..##
###...))). .... .... #.#.).รท.
... ..... ...........


You could see a wraith (ally target) and a friendly dart slug (summoned).

Vanquished Creatures
  A water moccasin (D:5)
  A black bear (D:4)
  An ogre (D:5)
  A bullfrog (D:4)
  A wyvern zombie (D:5)
  4 orc priests
  3 iguanas
  4 orc wizards
  A howler monkey skeleton (D:5)
  3 adders
  A worm (D:4)
  A dart slug (D:3)
  17 orcs
  10 bats
  6 endoplasms
  3 giant cockroaches
  7 goblins
  6 hobgoblins
  3 jackals (D:1)
  3 quokkas
  9 ball pythons
  A frilled lizard (D:3)
  8 kobolds
  2 rats (D:1)
97 creatures vanquished.

Notes
Turn   | Place    | Note
-------+----------+-------------------------------------------
     0 | D:1      | ytrimaz the Demonspawn Berserker began the quest for the
                  | Orb.
     0 | D:1      | Reached XP level 1. HP: 18/18 MP: 1/1
   194 | D:1      | Gained mutation: Your demonic aura sometimes causes spilled
                  | blood to erupt in flames. [demonic ancestry]
   194 | D:1      | Reached XP level 2. HP: 10/24 MP: 2/2
   717 | D:1      | Reached ** piety under Trog
   718 | D:1      | Reached XP level 3. HP: 29/29 MP: 3/3
  1461 | D:2      | Found a faded altar of an unknown god.
  1834 | D:2      | Found Varuf's Weapon Boutique.
  2209 | D:2      | Found Ystronag's Jewellery Emporium.
  2440 | D:3      | Gained mutation: You have a small tail. [demonic ancestry]
  2440 | D:3      | Reached XP level 4. HP: 23/36 MP: 4/4
  2583 | D:3      | Reached *** piety under Trog
  2913 | D:3      | Gained mutation: You have a tail ending in a sharp stinger.
                  | [demonic ancestry]
  2913 | D:3      | Reached XP level 5. HP: 28/42 MP: 5/5
  3656 | D:4      | Noticed a black bear
  3666 | D:4      | Killed a black bear
  3989 | D:4      | Reached XP level 6. HP: 35/48 MP: 6/6
  4247 | D:4      | Found a staircase to the Ecumenical Temple.
  4265 | Temple   | Entered the Ecumenical Temple
  4629 | D:4      | Identified the ring of Ulayrel {rF+ Will+ Int+4}
  5041 | D:5      | Entered Level 5 of the Dungeon
  5095 | D:5      | Reached XP level 7. HP: 37/55 MP: 7/7
  5226 | D:5      | Reached skill level 5 in Axes
  5451 | D:5      | Reached skill level 5 in Fighting
  5860 | D:5      | Noticed a wraith
  5870 | D:5      | HP: 2/56 [wraith (12)]
  5870 | D:5      | Slain by a wraith

Illustrated notes

Levels and vault maps discovered:
D:1:      minmay_arrival_semitransparent, layout_basic, minmay_cut_off
D:2:      layout_basic, ebering_ecumenical_altar_abandoned, serial_shops,
          shop_fountains, shop
D:3:      layout_basic, lemuel_old_faithful
D:4:      layout_loops_ring, minmay_temple_entry_arrows
D:5:      layout_cave_pools
Temple:   mainiacjoe_temple_circle_huts

Skill      XL: |  1  2  3  4  5  6  7 |
---------------+----------------------+-----
Dodging        | 2 3 4 |  4.2
Armour         | 2 3 |  3.6
Axes           | 3 4 5 |  5.4
Fighting       | 4 5 |  5.0

Action                   |  1- 3 |  4- 6 |  7- 9 || total
-------------------------+-------+-------+-------++-------
Melee: Hand axe          |   129 |   107 |    44 ||   280
       Tailslap          |       |    14 |     5 ||    19
Invok: Berserk           |     3 |     5 |     3 ||    11
       Trog's Hand       |       |     2 |     3 ||     5
  Use: Scroll            |     1 |     1 |     1 ||     3
Armor: Animal skin       |    31 |    13 |     2 ||    46
Dodge: Dodged            |   117 |    70 |    32 ||   219

Table legend: (Time is in decaauts)
 A = Elapsed time spent in this place.
 B = Non-inter-level travel time spent in this place.
 C = Inter-level travel time spent in this place.
 D = Time resting spent in this place.
 E = Time spent auto-exploring this place.
 F = Levels seen in this place.
 G = Mean time per level.
                   A        B        C        D        E       F      G
               +--------+--------+--------+--------+--------+-----+--------+
         Total |   6003 |   5947 |     56 |    815 |   4371 |   6 | 1000.5 |
       Dungeon |   5668 |   5637 |     31 |    815 |   4083 |   5 | 1133.6 |
        Temple |    334 |    309 |     25 |      0 |    288 |   1 |  334.0 |
               +--------+--------+--------+--------+--------+-----+--------+

Top non-repeatable levels by time:
     D:1: 1483 daAuts
     D:4: 1191 daAuts
     D:3: 1149 daAuts
     D:2: 984 daAuts
     D:5: 860 daAuts
  Temple: 334 daAuts
